 Dungeon Crawl Stone Soup version 0.18-a0-1575-g920359c (webtiles) character file.

171 namelastname112 the Insei (level 5, -18/45 HPs)
             Began as a Draconian Monk on Mar 16, 2016.
             Was a Believer of Makhleb.
             Demolished by an ogre
             ... wielding a +0 giant club
              (30 damage)
             ... on level 3 of the Dungeon.
             The game lasted 00:04:07 (2580 turns).

namelastname112 the Insei (Draconian Monk)          Turns: 2580, Time: 00:04:08

Health: -18/45     AC:  7    Str: 13    XL:     5   Next: 26%
Magic:  5/5        EV: 13    Int: 10    God:    Makhleb [**....]
Gold:   181        SH:  0    Dex: 15    Spells: 0 memorised, 4 levels left

rFire  . . .     SeeInvis .       - Unarmed
rCold  . . .     Gourm    .     (armour unavailable)
rNeg   . . .     Faith    .     (no shield)
rPois  .         Spirit   .     (helmet restricted)
rElec  .         Dismiss  .     j - +0 cloak (curse)
rCorr  .         Reflect  .     (no gloves)
SustAt .         Harm     .     l - +0 pair of boots
MR     .....     Rnd*Tele +     (no amulet)
Stlth  ++........               (no ring)
                                p - ring of teleportation (curse)

@: not resistant to hostile enchantments, unstealthy
A: unfitting armour, cold-blooded, AC +5
a: Minor Destruction, Renounce Religion


You were on level 3 of the Dungeon.
You worshipped Makhleb.
Makhleb was pleased with you.
You were hungry.

You visited 1 branch of the dungeon, and saw 4 of its levels.

You collected 181 gold pieces.

Inventory:

Armour
 j - a cursed +0 cloak (worn)
 l - a +0 pair of boots (worn)
Jewellery
 p - a cursed ring of teleportation (left hand)
Scrolls
 b - 5 scrolls of remove curse {unknown}
 d - a scroll of fog {unknown}
 e - a scroll of recharging {unknown}
 f - a scroll of blinking {unknown}
 k - a scroll of identify {unknown}
 m - a scroll of enchant armour {unknown}
 q - a scroll of teleportation {unknown}
Potions
 c - a potion of might {unknown}
 h - a potion of cure mutation {unknown}
 i - 2 potions of haste {unknown}
 n - a potion of magic {unknown}
 o - a potion of mutation {unknown}
 s - a potion of brilliance {unknown}
Comestibles
 a - a bread ration
 g - a beef jerky
 t - 2 meat rations


   Skills:
 - Level 3.2 Fighting
 - Level 2.6 Dodging
 - Level 1.7 Stealth
 + Level 6.6 Unarmed Combat


You had 4 spell levels left.
You didn't know any spells.

Dungeon Overview and Level Annotations

Branches:
Dungeon (4/15)
 Temple: D:4-7

Altars:
Ashenzari
Fedhas
Makhleb
Ru
Trog
Zin

Annotations:
D:3 1 runed door


Innate Abilities, Weirdness & Mutations

Your plain brown scales are hard (AC +5).
Your body does not fit into most forms of armour.
You are cold-blooded and may be slowed by cold attacks.


Message History

The ogre is heavily wounded.
You hit the ogre.
The ogre is heavily wounded.
The ogre barely misses you.
You hit the ogre but do no damage.
The ogre is heavily wounded.
The ogre hits you with a giant club!!
* * * LOW HITPOINT WARNING * * *
You are too injured to fight recklessly!
You are too injured to fight recklessly!
Press: ? - help, Shift-Dir - straight line, f - ogre
Aim: an ogre, wielding a giant club (heavily wounded)
The puff of flame hits the ogre.
The ogre is heavily wounded.
You feel slightly more hungry.
All of the chunks of flesh in your inventory have rotted away.
You are feeling hungry.
The ogre hits you with a giant club!!
Ouch! That really hurt!
You die...

#.# #.# #.# #####.###
#.......############
#.#................#
..#.......########.#
...........#######.##
...............O@.รท.#
...........#######..#
..#....)...# #..#
..#........# #..#
..######...# #..# ..#
#.### #..# ..# #.#
#..# ..# #.# #..# ..#
#.# #..#


You could see an ogre.

Vanquished Creatures
  A giant frog skeleton (D:4)
  A worker ant (D:4)
  4 adders
  3 worms
  A dart slug (D:3)
  3 giant geckos
  An orc (D:4)
  4 giant cockroaches
  8 goblins
  10 hobgoblins
  3 jackals (D:3)
  2 quokkas (D:4)
  3 ball pythons
  6 bats
  6 giant newts
  9 kobolds
  8 rats
73 creatures vanquished.

Notes
Turn   | Place    | Note
--------------------------------------------------------------
     0 | D:1      | namelastname112 the Draconian Monk began the quest for the Orb.
     0 | D:1      | Reached XP level 1. HP: 19/19 MP: 1/1
   308 | D:1      | Reached XP level 2. HP: 26/26 MP: 2/2
   854 | D:1      | Reached skill level 5 in Unarmed Combat
   924 | D:1      | Reached XP level 3. HP: 29/31 MP: 3/3
  1082 | D:2      | Found a bloodstained altar of Trog.
  1353 | D:2      | Found a blossoming altar of Fedhas.
  1414 | D:2      | Found a burning altar of Makhleb.
  1447 | D:2      | Became a worshipper of Makhleb the Destroyer
  1447 | D:2      | Reached * piety under Makhleb
  1447 | D:2      | Reached ** piety under Makhleb
  1712 | D:3      | Reached XP level 4. HP: 29/38 MP: 4/4
  1725 | D:3      | Found a sacrificial altar of Ru.
  1867 | D:3      | Found a glowing silver altar of Zin.
  1867 | D:3      | Noticed an angel
  1868 | D:3      | Found a runed door.
  2230 | D:3      | Found a shattered altar of Ashenzari.
  2270 | D:3      | Reached skill level 6 in Unarmed Combat
  2326 | D:4      | Reached XP level 5. HP: 26/45 MP: 5/5
  2526 | D:4      | Noticed an ogre
  2580 | D:3      | Demolished by an ogre

Vault maps used:
D:1:      lightli_arrival_lavapool
D:2:      fedhas_altar_3, bloody_makhleb, trog_three_pillars_becter
D:3:      lemuel_crystal_altar, lemuel_doored_altar, st_stairs_14,
          lemuel_angel_altar
D:4:      roderic_serpentine_path, kennysheep_generic_room_10

Skill      XL: |  1  2  3  4 |
---------------+-------------+-----
Unarmed Combat | 5 6 |  6.6
Fighting       | |  3.2
Dodging        | |  2.6
Stealth        | |  1.7

Action                   |  1- 3 |  4- 6 || total
-------------------------+-------+-------++-------
Melee: Unarmed           |   158 |    81 ||   239
Invok: Minor Destruction |       |     1 ||     1
 Stab: Sleeping          |     4 |     3 ||     7
  Eat: Chunk             |     2 |     3 ||     5
